 Dungeon Crawl Stone Soup version 0.29-a0-322-g68df515428 (webtiles) character file.

Game seed: 3054765423753732873

194 dianekeaton the Cudgeller (level 5, -8/67 HPs)
             Began as a Minotaur Berserker on Apr 6, 2022.
             Was a Believer of Trog.
             Mangled by an orc warrior
             ... wielding a +0 flail
              (12 damage)
             ... on level 3 of the Dungeon on Apr 7, 2022.
             The game lasted 00:08:47 (3644 turns).

dianekeaton the Cudgeller (Minotaur Berserker)      Turns: 3644, Time: 00:08:48

Health: -8/67      AC:  6    Str: 23    XL:     5   Next: 44%
Magic:  4/4        EV: 11    Int:  4    God:    Trog [**....]
Gold:   115        SH:  0    Dex: 10    Spells: 4/4 levels left

rFire   . . .      SeeInvis .   a - +1 mace
rCold   . . .      Faith    +   (no shield)
rNeg    . . .      Spirit   .   q - +2 leather armour {Will+}
rPois   .          Reflect  .   (helmet restricted)
rElec   .          Harm     .   (no cloak)
rCorr   .          Rampage  .   (no gloves)
Will    +....                   n - +0 pair of boots
Stlth   ..........              i - amulet of faith
HPRegen 0.21/turn               (no ring)
MPRegen 0.09/turn               (no ring)

@: berserking, very quick
A: horns 2, retaliatory headbutt
a: Renounce Religion, Berserk, Trog's Hand


You were on level 3 of the Dungeon.
You worshipped Trog.
Trog was pleased with you.
You visited 1 branch of the dungeon, and saw 4 of its levels.

You collected 137 gold pieces.
You spent 22 gold pieces at shops.

Inventory:

Hand Weapons
 a - a +1 mace (weapon)
Missiles
 r - 6 poisoned darts (quivered)
Armour
 n - a +0 pair of boots (worn)
 q - a +2 leather armour of willpower (worn)
Jewellery
 i - an amulet of faith (around neck)
Wands
 p - a wand of flame (25)
Scrolls
 d - a scroll of teleportation
Potions
 e - 2 potions of haste
 f - a potion of flight
 g - 2 potions of curing {unknown}
 o - 2 potions of berserk rage {unknown}


   Skills:
 - Level 3.6 Fighting
 + Level 7.2 Maces & Flails
 - Level 2.4 Armour
 - Level 2.1 Dodging
 - Level 1.1 Stealth


You had 4 spell levels left.
You didn't know any spells.
Your spell library was empty.

Dungeon Overview and Level Annotations

Branches:
Dungeon (4/15)
 Temple: D:4-7

Altars:
Uskayaw

Shops:
D:2 ?*=?(   D:3 :


Innate Abilities, Weirdness & Mutations

You have a pair of horns on your head.
You reflexively headbutt those who attack you in melee.


Message History

The orc attacks as you move away! The orc hits you with a +0 dagger.
The orc priest calls upon Beogh to heal the orc.
The orc is healed somewhat.
Things that are here:
a +0 dagger; a goblin corpse The orc hits you but does no damage.
The orc attacks as you move away! The orc hits you but does no damage.
The orc attacks as you move away! The orc barely misses you.
The orc completely misses you.
The orc warrior attacks as you move away!
The orc warrior misses you. The orc attacks as you move away!
The orc barely misses you. The orc hits you but does no damage.
The orc priest mumbles some strange prayers to Beogh against you.
Pain shoots through your body!
The orc warrior hits you with a +0 flail.
The orc warrior attacks as you move away!
The orc warrior hits you with a +0 flail!
* * * LOW HITPOINT WARNING * * *
The orc barely misses you. The orc warrior closely misses you.
There is a stone staircase leading up here.
The orc hits you but does no damage.
You climb upwards.
There is a stone staircase leading down, spattered with blood here.
A red film seems to cover your vision as you go berserk!
You feel yourself moving faster!
You feel mighty!
The orc warrior hits you with a +0 flail.
* * * LOW HITPOINT WARNING * * *
The orc closely misses you.
You hit the orc. You headbutt the orc.
You kill the orc!
Trog accepts your kill.
The orc warrior hits you with a +0 flail!
* * * LOW HITPOINT WARNING * * *
You are too injured to fight recklessly!
You are too injured to fight recklessly!
You are too injured to fight recklessly!
You are too injured to fight recklessly!
The orc warrior hits you with a +0 flail!
You die...

###### #....# ###############
###### #....# #.............#
.....# #....# #.............#
####.# #..(.# #..........<..#
####.###....#####[............#
...............[>)............###
.....######.####@o..............#
.............# #................#
....#.#####..# #................#
....#.# #..# #..............###
....#+#####..###..............#
..........#.....<....####...###
..........#..........## #.#.#
####......#...........###.####
..........#..###.............#


You could see an orc warrior.

Vanquished Creatures
  A hound (D:4)
  An orc priest (D:3)
  6 adders
  3 worms
  5 orcs (D:3)
  6 endoplasms
  A giant cockroach (D:2)
  3 goblins
  5 hobgoblins
  3 jackals (D:1)
  2 quokkas
  8 ball pythons
  4 bats
  3 frilled lizards
  12 kobolds
  6 rats
69 creatures vanquished.

Notes
Turn   | Place    | Note
-------+----------+-------------------------------------------
     0 | D:1      | dianekeaton the Minotaur Berserker began the quest for the
                  | Orb.
     0 | D:1      | Reached XP level 1. HP: 19/19 MP: 0/0
    67 | D:1      | Reached skill level 4 in Maces & Flails
   374 | D:1      | Found a faded altar of an unknown god.
   378 | D:1      | Reached XP level 2. HP: 24/26 MP: 1/1
  1079 | D:2      | Found Basaic's Magic Scroll Emporium.
  1169 | D:2      | Reached skill level 5 in Maces & Flails
  1169 | D:2      | Reached XP level 3. HP: 27/31 MP: 2/2
  1331 | D:2      | Bought a scroll of identify for 22 gold pieces
  1392 | D:2      | Reached skill level 1 in Stealth
  1399 | D:2      | Reached ** piety under Trog
  1400 | D:2      | Reached XP level 4. HP: 33/39 MP: 3/3
  1603 | D:2      | Found Geogats's Assorted Antiques.
  1631 | D:2      | Found Gutzunip's Antique Weapon Shop.
  1699 | D:2      | Found Uptone's Jewellery Boutique.
  1709 | D:2      | Reached skill level 6 in Maces & Flails
  2011 | D:2      | Found Osoopaimi's Magic Scroll Boutique.
  2036 | D:2      | Found a hide-covered altar of Uskayaw.
  2250 | D:3      | Found Tuulovupen's Book Boutique.
  3237 | D:3      | Reached XP level 5. HP: 26/45 MP: 4/4
  3567 | D:4      | Reached skill level 7 in Maces & Flails
  3595 | D:4      | Noticed an orc warrior
  3643 | D:3      | HP: 3/67 [orc warrior/+0 flail (7)]
  3644 | D:3      | Mangled by an orc warrior

Illustrated notes

Levels and vault maps discovered:
D:1:      matt_arrival_grand_opening, layout_loops_ring, basic_ecumenical_altar
D:2:      layout_loops_cross, basic_altar, serial_shops, nicolae_lakefront_shop,
          nicolae_shop_window_shopping, nicolae_diamond_shop, shop, shop,
          kennysheep_generic_room_12
D:3:      layout_basic, serial_shops, shop, minmay_misc_feat_more_columns,
          kennysheep_generic_room_10
D:4:      layout_gridville, mainiacjoe_overflow_tiny_flanked, serial_shops,
          shop, nicolae_shop_hallway_plus, shop_fountains,
          nicolae_shop_overgrown_old_shop

Skill      XL: |  1  2  3  4  5 |
---------------+----------------+-----
Maces & Flails | 4 5 6 7 |  7.2
Stealth        | 1 |  1.1
Fighting       | |  3.6
Armour         | |  2.4
Dodging        | |  2.1

Action                   |  1- 3 |  4- 6 || total
-------------------------+-------+-------++-------
Melee: Mace              |    67 |    71 ||   138
       Headbutt          |     9 |     8 ||    17
Throw: Dart              |       |     2 ||     2
Invok: Berserk           |       |     2 ||     2
       Trog's Hand       |       |     1 ||     1
  Use: Scroll            |       |     9 ||     9
 Stab: Sleeping          |       |     1 ||     1
Armor: Animal skin       |     6 |     5 ||    11
       Leather armour    |       |    12 ||    12
Dodge: Dodged            |    44 |    57 ||   101

Table legend: (Time is in decaauts)
 A = Elapsed time spent in this place.
 B = Non-inter-level travel time spent in this place.
 C = Inter-level travel time spent in this place.
 D = Time resting spent in this place.
 E = Time spent auto-exploring this place.
 F = Levels seen in this place.
 G = Mean time per level.
                   A        B        C        D        E       F      G
               +--------+--------+--------+--------+--------+-----+--------+
         Total |   3675 |   3625 |     50 |    759 |   2222 |   4 |  918.8 |
       Dungeon |   3675 |   3625 |     50 |    759 |   2222 |   4 |  918.8 |
               +--------+--------+--------+--------+--------+-----+--------+

Top non-repeatable levels by time:
     D:3: 1411 daAuts
     D:2: 1079 daAuts
     D:1: 1049 daAuts
     D:4: 135 daAuts
